Cogmind - Beta 15 @@@ ROGUE MODE // 2025.05.31 @ 06:04:46 Player: CL-1C0 Result: Destroyed by B-86 Titan with Railgun Performance ------------- Evolutions (6) 3000 Regions Visited (8) 1600 Robots Destroyed (58) 290 Value Destroyed (2180) 2180 Prototype IDs (2) 40 Alien Tech Used (0) 0 Bonus (1188) 1188 TOTAL SCORE: 8298 Bonus ------- High Alert Combat Kills 128 Follower Combat Kills 412 Registered with UFD 300 Met Optimus in HQ 500 Friendly Fire -152 Cogmind --------- Core Integrity 0/1150 Matter 295/300 Energy 99/100 System Corruption 10% Temperature Cool (0) Movement Core (50) Location -4/Extension Parts ------- > --- POWER (2) -------- (None) > --- PROPULSION (6) --- (None) > --- UTILITY (9) ------ Improved Signal Interpreter Advanced Targeting Computer Advanced Targeting Computer Improved Target Analyzer Hacking Suite Hacking Suite > --- WEAPON (2) ------- (None) > --- INVENTORY (5) ---- Deep Structural Scanner Advanced Sensor Array Improved Plasma Cutter Greatsword Peak State ------------ > --- POWER ------------ Neutrino Core Neutrino Core > --- PROPULSION ------- Light Treads Overtuned Huge Scrapsphere Overtuned Huge Scrapsphere > --- UTILITY ---------- Scrap Suit Advanced Heat Sink High-capacity Storage Unit Improved Signal Interpreter Improved Target Analyzer Precision Matter Filter Improved Kinecellerator Improved Transmission Jammer > --- WEAPON ----------- Overtuned Coil Gun Overtuned Coil Gun > --- INVENTORY -------- Deep Structural Scanner Advanced Sensor Array Experimental Thermal Defense Suite Hacking Suite Hacking Suite Variable Charge Gun Overtuned Barrage Gun Overtuned Railgun Improved Grenade Launcher Heavy Missile Launcher Improved Datajack Improved Datajack CPS Tube CPS Tube Multitool Flail Greatsword Heavy Pick DRS Beacon [Rating: 98] Favorites ----------- Power Light Ion Engine Engine Light Ion Engine Power Core Neutrino Core Reactor Light Antimatter Reactor Propulsion Light Treads Treads Light Treads Leg Aluminum Leg Wheel Overtuned Huge Scrapsphere Utility Small Storage Unit Device Heat Sink Storage Small Storage Unit Processor Improved Signal Interpreter Hackware Hacking Suite Protection Improved Medium Armor Plating Weapon Overtuned Coil Gun Energy Gun Subdweller Laser Energy Cannon Advanced Plasma Cannon Ballistic Gun Overtuned Coil Gun Launcher Heavy Missile Launcher Special Weapon Improved Plasma Cutter Impact Weapon Flail Slashing Weapon Katana Piercing Weapon Heavy Pick Build | -11 -10 -10 -9 -9 -6 -5 -4 -4 ------- Run | Yrd Mat Sub Rec Scr Fac Fac Fac Ext Slots Evolved 12 | . . . . . 8 2 2 . Power 1 | . . . . . . 1 . . Propulsion 4 | . . . . . 2 . 2 . Utility 7 | . . . . . 6 1 . . Weapon . | . . . . . . . . . Parts Attached 64 | . 2 4 . 5 11 11 14 17 Power 10 | . . 1 . . 1 3 3 2 Engine 3 | . . 1 . . . 2 . . Core 5 | . . . . . 1 1 2 1 Reactor 2 | . . . . . . . 1 1 Propulsion 10 | . 2 . . 1 2 . 1 4 Treads 5 | . 2 . . 1 . . 1 1 Leg 3 | . . . . . . . . 3 Wheel 2 | . . . . . 2 . . . Hover . | . . . . . . . . . Flight . | . . . . . . . . . Utility 28 | . . 1 . 2 6 6 7 6 Device 14 | . . 1 . . 3 4 5 1 Storage 3 | . . . . 1 1 . 1 . Processor 6 | . . . . . . 2 1 3 Hackware 3 | . . . . . 1 . . 2 Protection 2 | . . . . 1 1 . . . Artifact . | . . . . . . . . . Weapon 16 | . . 2 . 2 2 2 3 5 Energy Gun 2 | . . 1 . . . . . 1 Energy Cannon 2 | . . 1 . . . 1 . . Ballistic Gun 4 | . . . . 2 . 1 . 1 Ballistic Cannon . | . . . . . . . . . Launcher 1 | . . . . . . . 1 . Special Weapon 3 | . . . . . . . . 3 Impact Weapon 1 | . . . . . 1 . . . Slashing Weapon 2 | . . . . . 1 . 1 . Piercing Weapon 1 | . . . . . . . 1 . Special Melee Weapon . | . . . . . . . . . Unidentified Prototypes 2 | . . . . . . . 1 1 Parts Lost 28 | . . 1 . . . 2 4 21 Power 5 | . . 1 . . . . 1 3 Propulsion 8 | . . . . . . . 1 7 Utility 9 | . . . . . . 2 1 6 Weapon 6 | . . . . . . . 1 5 Highest Loss Streak 15 | . . 1 . . . 2 2 15 To Critical Strikes 1 | . . . . . . . . 1 Average Backups 10 | . 6 6 7 5 15 22 18 12 Power . | . 1 1 1 . 1 . . . Propulsion 1 | . 2 2 2 1 2 1 . . Utility 2 | . . 1 2 1 2 7 6 3 Weapon 3 | . 1 1 1 1 5 8 7 4 Tool/Special . | . . . . . . . . . Unused Backups 34 | . 7 6 . 8 1 1 9 2 Power 4 | . 1 2 . 1 . . . . Propulsion 6 | . 3 1 . 2 . . . . Utility 10 | . 1 1 . 1 . . 7 . Weapon 10 | . 2 2 . 3 1 1 1 . Tool/Special 4 | . . . . 1 . . 1 2 Average Slot Usage (%) 79 | . 85 96 100 74 70 76 76 78 Engine 9 | . 14 13 14 13 . 3 2 . Core 2 | . . . . . 5 6 6 7 Treads 17 | . 17 28 28 27 . . 4 7 Wheel 3 | . . . . . 12 11 10 8 Device 13 | . . 11 14 11 14 22 24 12 Storage 9 | . 14 14 14 10 6 5 5 4 Processor 2 | . . . . . . 5 11 17 Protection 2 | . . . . 2 11 4 . . Energy Gun 1 | . . 3 14 2 . . . . Energy Cannon 1 | . . . 14 2 . 3 . . Ballistic Gun 9 | . 28 24 . 3 9 2 5 4 Peak Build Rating 98 | . 6 10 10 26 80 95 98 97 Average Rating 34 | . 5 7 10 8 72 88 92 83 On Entrance 36 | 6 6 6 10 10 26 77 94 92 Naked Turns . | . . . . . . . . . Heaviest Build 140 | 11 11 21 21 40 125 140 130 84 Greatest Support 46 | 20 40 40 40 40 40 40 40 46 Greatest Overweight (x) 3 | . . . . 1 3 3 3 3 Average Overweight (x) . | . . . . . 2 2 1 1 Largest Inventory Capacity 25 | . 8 8 8 15 25 25 25 20 Average Capacity 13 | . 8 8 8 8 21 25 20 18 Most Carried 25 | . 8 8 8 15 24 25 25 18 Average Carried 11 | . 6 7 8 6 16 24 20 14 Final Capacity 25 | 8 8 8 8 15 25 25 20 5 Final Carried 25 | 6 6 8 8 15 24 25 18 5 Class Distribution -------------------- 66% | Mutant 13% | Infiltrator-Scrapper 9% | Scrapper 6% | Scavenger-Scrapper 3% | Scavenger-Mutant Dominant Class ---------------- Mutant | -10/Materials Mutant | -10/Subcaves Mutant | -9/Recycling Mutant | -9/Scraptown Scrapper | -6/Factory Infiltrator-Scrapper | -5/Factory Infiltrator-Scrapper | -4/Factory Scavenger-Mutant | -4/Extension Resources | -11 -10 -10 -9 -9 -6 -5 -4 -4 ----------- Run | Yrd Mat Sub Rec Scr Fac Fac Fac Ext Matter Collected 1864 | 193 35 147 . 30 310 206 556 387 Remotely . | . . . . . . . . . Salvage Created 2831 | . 129 268 . . 237 356 1145 696 Parts 141 | . 12 23 . . 6 16 58 26 Haulers Intercepted 1 | . 1 . . . . . . . Recyclers Shooed 8 | . . . . . 2 . 3 3 Parts Field Recycled . | . . . . . . . . . Retrieved Matter . | . . . . . . . . . Parts Self-Destructed 17 | . . 17 . . . . . . Prevented . | . . . . . . . . . Kills | -11 -10 -10 -9 -9 -6 -5 -4 -4 ------- Run | Yrd Mat Sub Rec Scr Fac Fac Fac Ext Combat Hostiles Destroyed 42 | . 6 8 . . 4 5 13 6 Melee 3 | . . 1 . . . . 1 1 Guns 33 | . 6 7 . . 4 2 10 4 Cannons 2 | . . . . . . 2 . . AOE 3 | . . . . . . . 2 1 Classes Destroyed 11 | . 2 3 . . 1 1 4 . Worker 5 | . . . . . . . 5 . Builder 7 | . . . . . . . 7 . Hauler 1 | . 1 . . . . . . . Recycler 3 | . . . . . . . 1 2 Swarmer 12 | . 6 3 . . . . 3 . Grunt 9 | . . 2 . . 3 . 4 . Duelist 1 | . . . . . 1 . . . Sentry 9 | . . 1 . . . 3 2 3 Hunter 3 | . . . . . . . 2 1 Programmer 6 | . . . . . . 2 2 2 Subdweller 2 | . . 2 . . . . . . Best Kill Streak 7 | . 4 3 . . 3 2 7 2 Combat Bots Only 6 | . 3 3 . . 3 2 6 2 Max Kills in Single Turn 2 | . 1 1 . . 1 1 2 1 Gunslinging . | . . . . . . . . . Exploded 1 | . . . . . . . 1 1 Melee 1 | . . 1 . . . . 1 1 Uniques/NPCs Destroyed . | . . . . . . . . . Combat | -11 -10 -10 -9 -9 -6 -5 -4 -4 -------- Run | Yrd Mat Sub Rec Scr Fac Fac Fac Ext Hostile Shots Fired 471 | . 25 38 . . 29 54 135 190 Missed 146 | . 9 8 . . 7 11 44 67 Hits 325 | . 16 30 . . 22 43 91 123 Melee 3 | . . . . . 3 . . . Projectile 322 | . 16 30 . . 19 43 91 123 Critical Strikes 11 | . 1 . . . 1 2 2 5 Damage Taken 6706 | . 122 411 . . 470 961 1851 2891 Core 1300 | . . 102 . . 37 . 325 836 Absorbed by Shields 105 | . . . . . . . . 105 Regen/Repaired (Parts) 29 | . . . . . . 6 23 . Core Remaining (%) 88 | 100 . . . 59 95 100 . . Volleys Fired 178 | . 17 28 . . 31 30 42 30 Largest 2 | . 2 2 . . 2 2 2 2 Hottest 138 | . 40 80 . . 64 138 72 75 Shots Fired 261 | . 34 41 . . 48 37 63 38 Gun 231 | . 34 39 . . 48 12 61 37 Cannon 27 | . . 2 . . . 25 . . Launcher 3 | . . . . . . . 2 1 Special . | . . . . . . . . . Kinetic 217 | . 34 26 . . 48 12 61 36 Thermal 41 | . . 15 . . . 25 . 1 Explosive 3 | . . . . . . . 2 1 Electromagnetic . | . . . . . . . . . Robot Hit Streak 18 | . 5 18 . . 7 17 13 8 Robot Miss Streak 5 | . 4 2 . . 5 2 3 3 Penetration Max 2 | . . . . . 2 . 1 2 Secondary Targets 4 | . 2 1 . . 1 . . . Max Gunslinging Chain 1 | . 1 1 . . 1 . . . Shots Hit Robots 189 | . 16 31 . . 27 27 60 28 Core Hits 93 | . 8 14 . . 10 9 33 19 Critical Kills 8 | . . . . . . 1 6 1 Critical Parts Destroyed 12 | . . 1 . . 1 . 7 3 Critical Strikes 23 | . . 1 . . 1 1 15 5 Destroy 21 | . . 1 . . 1 1 13 5 Impale 2 | . . . . . . . 2 . Melee Attacks 38 | . . . . . 6 9 22 1 Impact 11 | . . . . . 2 9 . . Slashing 6 | . . . . . 4 . 1 1 Piercing 21 | . . . . . . . 21 . Sneak Attacks 13 | . . . . . . . 13 . Combat Hostiles 1 | . . . . . . . 1 . Follow-up Attacks . | . . . . . . . . . Damage Inflicted 6428 | . 176 406 . . 923 890 2727 1306 Guns 4364 | . 176 403 . . 923 306 1525 1031 Cannons 479 | . . . . . . 479 . . Explosions 569 | . . . . . . . 350 219 Melee 1007 | . . . . . . 105 852 50 Ramming 9 | . . 3 . . . . . 6 Kinetic 4172 | . 176 240 . . 923 306 1525 1002 Thermal 671 | . . 163 . . . 479 . 29 Explosive 569 | . . . . . . . 350 219 Electromagnetic . | . . . . . . . . . Impact 105 | . . . . . . 105 . . Slashing 50 | . . . . . . . . 50 Piercing 852 | . . . . . . . 852 . Highest Corruption 10 | . . . . . . 6 3 10 Average Corruption 3 | . . . . . . 4 1 4 Corruption Purged . | . . . . . . . . . Corruption Blocked . | . . . . . . . . . Effects 27 | . . . . . . 13 5 9 Message Errors 9 | . . . . . . 5 . 4 Matter Fused 1 | . . . . . . . 1 . Heat Flow Errors 4 | . . . . . . 2 2 . Energy Discharges 2 | . . . . . . 1 1 . Parts Fused 1 | . . . . . . 1 . . Data Loss (minor) 2 | . . . . . . 1 . 1 Data Loss (major) 2 | . . . . . . 1 . 1 Misfires 2 | . . . . . . 2 . . Alerts 2 | . . . . . . . 1 1 Misdirections 1 | . . . . . . . . 1 Weapon Failures 1 | . . . . . . . . 1 Overload Shots . | . . . . . . . . . Overflow Damage 331 | . . . . . . 27 285 19 Projectiles 27 | . . . . . . 27 . . Explosions 46 | . . . . . . . 27 19 Melee 258 | . . . . . . . 258 . Knockbacks . | . . . . . . . . . Impact . | . . . . . . . . . Kinetic . | . . . . . . . . . Secondary . | . . . . . . . . . Self-Inflicted Damage 36 | . . . . . . . . 36 Shots 1 | . . . . . . . . 1 Rammed 2 | . . . . . . . . 2 Targets Rammed 3 | . . 1 . . . . . 2 Kicked . | . . . . . . . . . Crushed 1 | . . 1 . . . . . . Highest Temperature 357 | . . . . . 234 357 199 111 Average Temperature 72 | . . . . . 81 91 51 30 Received Heat Transfer 1035 | . . 174 . . 189 90 409 173 Effects 3 | . . . . . 1 2 . . Energy Bleed 1 | . . . . . 1 . . . Interference 2 | . . . . . . 2 . . Siege Activations . | . . . . . . . . . Martial Activations . | . . . . . . . . . Shielding Activations . | . . . . . . . . . Robots Disrupted . | . . . . . . . . . Combat Hostiles . | . . . . . . . . . Robots Corrupted . | . . . . . . . . . Combat Hostiles . | . . . . . . . . . Parts Fried . | . . . . . . . . . Impact Corruptions . | . . . . . . . . . Robots Melted 1 | . . . . . . 1 . . Combat Hostiles 1 | . . . . . . 1 . . Parts Melted 3 | . . . . . . 3 . . Heat Transferred 937 | . . 200 . . . 700 . 37 Parts Sabotaged . | . . . . . . . . . Parts Stolen . | . . . . . . . . . Parts Stripped . | . . . . . . . . . Power Chain Reactions . | . . . . . . . . . Alert | -11 -10 -10 -9 -9 -6 -5 -4 -4 ------- Run | Yrd Mat Sub Rec Scr Fac Fac Fac Ext Maximum Alert Level 2 | . . . . . . . 2 2 Low Security (%) 82 | . 100 . 100 . 100 100 78 . Level 1 11 | . . . . . . . 11 66 Level 2 6 | . . . . . . . 10 33 Level 3 . | . . . . . . . . . Level 4 . | . . . . . . . . . Level 5 . | . . . . . . . . . High Security . | . . . . . . . . . Max Security . | . . . . . . . . . Peak Influence 604 | . 67 . 36 . 114 48 518 604 Initial 246 | . . . 36 . . 44 . 246 Average 88 | . 18 . 13 . 28 11 137 351 Influence Increases 2343 | . 175 145 . . 179 194 948 702 Destroy 0b10 Robot/C 960 | . 120 120 . . 80 100 280 260 Destroy 0b10 Robot/NC 95 | . 5 . . . . . 70 20 Destroy Leader 176 | . 22 10 . . 10 40 52 42 Allied During Kill 194 | . . . . . . . 22 172 Successful Hack 95 | . 13 . . . 21 18 . 43 Disable Machine 150 | . . . . . 30 . 30 90 Destroy Structure 253 | . . . . . 23 36 134 60 Lose Combat Pursuer 420 | . 15 15 . . 15 . 360 15 Influence Decreases 1971 | . 175 68 77 . 88 285 444 834 Entered New Map 346 | . . . 41 . . 47 . 258 Time Decay 1085 | . 175 68 36 . 88 228 284 206 Lost Part 260 | . . . . . . 10 40 210 Lost Ally 280 | . . . . . . . 120 160 Squads Dispatched 21 | . . . . . 5 5 8 3 Investigation 14 | . . . . . 4 3 5 2 Extermination 4 | . . . . . 1 1 2 . Reinforcement 3 | . . . . . . 1 1 1 Assault . | . . . . . . . . . Garrison . | . . . . . . . . . Intercept . | . . . . . . . . . Searches Triggered . | . . . . . . . . . Construction Impeded 1 | . . . . . . . 1 . Haulers Reinforced . | . . . . . . . . . Active Scanning Responses . | . . . . . . . . . Cargo Convoy Interrupts . | . . . . . . . . . Stealth | -11 -10 -10 -9 -9 -6 -5 -4 -4 --------- Run | Yrd Mat Sub Rec Scr Fac Fac Fac Ext Distress Signals 7 | . 1 . . . . . 3 3 Communications Jammed 277 | . . . . . . 7 44 226 Distress Signals 260 | . . . . . . 7 27 226 Times Spotted 98 | . 8 10 . . 8 8 43 21 Peak Tracking Total 8 | . 4 3 . . 4 2 8 8 Tactical Retreats 13 | . 1 1 . . 1 . 9 1 Traps | -11 -10 -10 -9 -9 -6 -5 -4 -4 ------- Run | Yrd Mat Sub Rec Scr Fac Fac Fac Ext Traps Triggered 8 | . . . . . . 6 1 1 Indirectly . | . . . . . . . . . Trap Hack Attempts . | . . . . . . . . . Triggered . | . . . . . . . . . Disarmed . | . . . . . . . . . Reprogrammed . | . . . . . . . . . Reused . | . . . . . . . . . Traps Extracted . | . . . . . . . . . Installed . | . . . . . . . . . Triggered . | . . . . . . . . . Machines | -11 -10 -10 -9 -9 -6 -5 -4 -4 ---------- Run | Yrd Mat Sub Rec Scr Fac Fac Fac Ext Machines Disabled 11 | . . . . . 2 . 2 7 Max in Single Turn 2 | . . . . . 2 . 1 1 Energy Cycler 2 | . . . . . . . . 2 Machines Repaired . | . . . . . . . . . Machines Dismantled 3 | . . . . . . . . 3 Machines Sabotaged . | . . . . . . . . . Overloaded Fab Kills . | . . . . . . . . . Hacking | -11 -10 -10 -9 -9 -6 -5 -4 -4 --------- Run | Yrd Mat Sub Rec Scr Fac Fac Fac Ext Machines Accessed 31 | . 1 1 . 2 7 7 6 7 Terminals 12 | . 1 . . . 1 3 1 6 Fabricators 2 | . . . . . 1 1 . . Repair Stations . | . . . . . . . . . Recycling Units 13 | . . . . . 4 3 5 1 Scanalyzers . | . . . . . . . . . Garrison Access 1 | . . . . . 1 . . . Total Hacks 91 | . 3 5 . 24 13 15 11 20 Successful 58 | . 2 5 . 24 9 7 4 7 Failed 33 | . 1 . . . 4 8 7 13 Catastrophic 6 | . . . . . 1 3 . 2 Database Lockouts . | . . . . . . . . . Manual 45 | . 2 . . . 12 14 11 6 Terminals 31 | . 3 . . . 3 6 1 18 Fabricators 10 | . . . . . 5 5 . . Repair Stations . | . . . . . . . . . Recycling Units 20 | . . . . . 4 4 10 2 Scanalyzers . | . . . . . . . . . Garrison Access 1 | . . . . . 1 . . . Terminal Hacks 36 | . 2 5 . 24 . 1 . 4 Record 29 | . . 5 . 24 . . . . Robot Analysis 1 | . . . . . . . . 1 Open Door 2 | . . . . . . . . 2 Level Access Points 1 | . . . . . . 1 . . Branch Access Points 1 | . 1 . . . . . . . Terminal Index 1 | . 1 . . . . . . . Recall Reinforcements 1 | . . . . . . . . 1 Fabricator Hacks . | . . . . . . . . . Repair Station Hacks . | . . . . . . . . . Recycling Unit Hacks . | . . . . . . . . . Scanalyzer . | . . . . . . . . . Garrison Access Hacks . | . . . . . . . . . Unauthorized Hacks 22 | . . . . . 9 6 4 3 Terminals 5 | . . . . . 1 2 . 2 Botnet 3 | . . . . . 1 1 . 1 Operators 2 | . . . . . . 1 . 1 Fabricators 5 | . . . . . 4 1 . . Report 1 | . . . . . 1 . . . Liberate 1 | . . . . . 1 . . . Fabnet 1 | . . . . . 1 . . . Haulers 2 | . . . . . 1 1 . . Repair Stations . | . . . . . . . . . Recycling Units 12 | . . . . . 4 3 4 1 Fedlink 9 | . . . . . 4 3 2 . Scrapoids 3 | . . . . . . . 2 1 Scanalyzers . | . . . . . . . . . Garrison Access . | . . . . . . . . . Data Cores Recovered . | . . . . . . . . . Used . | . . . . . . . . . Hacking Detections 16 | . 1 . . . 2 5 2 6 Full Trace Events 2 | . . . . . . . 1 1 Feedback Events . | . . . . . . . . . Feedback Blocked . | . . . . . . . . . Robot Schematics Acquired . | . . . . . . . . . Robots Built . | . . . . . . . . . Authchips . | . . . . . . . . . Time . | . . . . . . . . . Total Robot Build Rating . | . . . . . . . . . Part Schematics Acquired . | . . . . . . . . . Parts Built . | . . . . . . . . . Authchips . | . . . . . . . . . Time . | . . . . . . . . . Total Part Build Rating . | . . . . . . . . . Parts Repaired . | . . . . . . . . . Time . | . . . . . . . . . Parts Recycled . | . . . . . . . . . Recycled Matter . | . . . . . . . . . Retrieved Matter . | . . . . . . . . . Retrieved Components . | . . . . . . . . . Parts Scanalyzed . | . . . . . . . . . Part Schematics Acquired . | . . . . . . . . . Parts Damaged . | . . . . . . . . . Bothacking | -11 -10 -10 -9 -9 -6 -5 -4 -4 ------------ Run | Yrd Mat Sub Rec Scr Fac Fac Fac Ext Used RIF Installer . | . . . . . . . . . Robots Hacked 2 | . . . . . . . 1 1 Non-combat . | . . . . . . . . . Combat 2 | . . . . . . . 1 1 Robot Hacks Applied . | . . . . . . . . . Relay Couplers Released . | . . . . . . . . . Fabnet Peak Effective % 3 | . . . . . . 3 1 1 Autooverrided 2 | . . . . . . . 1 1 Robots Rewired . | . . . . . . . . . Allies Hacked 1 | . . . . . . . 1 . Hacks Repelled . | . . . . . . . . . Allies | -11 -10 -10 -9 -9 -6 -5 -4 -4 -------- Run | Yrd Mat Sub Rec Scr Fac Fac Fac Ext Total Allies 16 | . . . . . . . 6 10 Largest Group 8 | . . . . . . . 5 8 Highest-Rated Group 452 | . . . . . . . 238 452 Highest-Rated Ally 159 | . . . . . . . 50 159 Total Orders . | . . . . . . . . . Ally Attacks 97 | . . . . . . . 34 63 Total Damage 2704 | . . . . . . . 439 2265 Kills 12 | . . . . . . . 2 10 Allies Corrupted . | . . . . . . . . . Allies Melted . | . . . . . . . . . Intel | -11 -10 -10 -9 -9 -6 -5 -4 -4 ------- Run | Yrd Mat Sub Rec Scr Fac Fac Fac Ext Active Infowar (turns) 2379 | . . . . . 516 802 715 346 Sensors 1365 | . . . . . . 647 416 302 Structural 1551 | . . . . . 516 616 417 2 Jamming 1855 | . . . . . 158 644 707 346 Robot Analysis Total 1 | . . . . . . . . 1 Derelict Logs Recovered 5 | . . 1 . 4 . . . . Drone Launches . | . . . . . . . . . Drone Recoveries . | . . . . . . . . . Exploration | -11 -10 -10 -9 -9 -6 -5 -4 -4 ------------- Run | Yrd Mat Sub Rec Scr Fac Fac Fac Ext Turns Passed 7201 | . 665 1037 120 2884 517 802 756 420 Spaces Moved 4518 | 1 277 588 76 1820 411 568 525 252 Core 218 | . . . . 152 . . . 66 Treads 2432 | . 97 588 76 1668 . . . 3 Legs 181 | 1 180 . . . . . . . Wheels 1687 | . . . . . 411 568 525 183 Hover . | . . . . . . . . . Flight . | . . . . . . . . . Fastest Speed 50 | 120 120 160 160 50 80 90 80 50 Average Speed 128 | 120 134 160 160 150 91 98 89 85 Slowest Speed 240 | 120 160 160 160 240 100 100 100 240 Overloaded Moves . | . . . . . . . . . Propulsion Burnouts . | . . . . . . . . . Robots Hopped . | . . . . . . . . . Potential Cave-ins . | . . . . . . . . . Cave-ins Triggered . | . . . . . . . . . Exploration Rate (%) 27 | 2 33 37 10 84 14 16 17 37 Regions Visited 8 Branch Regions 4 Pre-discovered Areas 7 | . . . . 6 1 . . . Known Exits Taken 5 | . . 1 . 1 1 1 1 . Unknown Exits Taken 3 | 1 1 . 1 . . . . . Scrap Searched 3 | . . . . 3 . . . . Spaces Dug 22 | . . 1 . . 9 6 6 . Terrain Destroyed 123 | . . 1 . . 22 20 61 19 Melee 13 | . . . . . 6 1 6 . Projectile 80 | . . 1 . . 16 19 40 4 AOE 30 | . . . . . . . 15 15 Terrain Rammed . | . . . . . . . . . Walls Destroyed . | . . . . . . . . . Machines Disabled . | . . . . . . . . . Actions | -11 -10 -10 -9 -9 -6 -5 -4 -4 --------- Run | Yrd Mat Sub Rec Scr Fac Fac Fac Ext Total 5646 | . 541 650 75 1966 516 760 733 405 Wait 647 | . 241 13 . 100 36 116 94 47 Move 4511 | . 276 588 75 1819 410 567 524 252 Hop . | . . . . . . . . . Pick Up 63 | . 2 9 . 18 13 7 7 7 Fast Attach 29 | . 1 2 . 7 3 7 6 3 Attach 32 | . 1 1 . 2 4 4 3 17 Detach 5 | . . . . . 2 . 1 2 Swap 46 | . . 1 . 1 8 13 16 7 Drop 69 | . 3 8 . 19 3 7 18 11 Fire 178 | . 17 28 . . 31 30 42 30 Melee 38 | . . . . . 6 9 22 1 Ram . | . . . . . . . . . Kick . | . . . . . . . . . Crush 2 | . . . . . . . . 2 Escape Stasis . | . . . . . . . . . Rewire . | . . . . . . . . . Trap . | . . . . . . . . . Miscellaneous 26 | . . . . . . . . 26 Route ------- -11/Scrapyard -10/Materials (discovered 2 exits: Min / *Sub) -10/Subcaves (discovered 3 exits: *Mat x2 / *Rec) -9/Recycling -9/Scraptown (discovered 2 exits: *Fac x2) -6/Factory (discovered 4 exits: *Fac x3 / Low) -5/Factory (discovered 5 exits: *Fac x4 / *Upp) -4/Factory (discovered 5 exits: Res x4 / *Ext) -4/Extension History --------- Turn | Location | Event 1 | -11/Scrapyard | Discovered new exit (range 0) 1 | -11/Scrapyard | Entered Materials 7 | -10/Materials | Identified exit to Mines 307 | -10/Materials | Build established: Mutant 647 | -10/Materials | Discovered new exit (range 5) 666 | -10/Materials | Entered Subcaves 674 | -10/Subcaves | Learned Materials interactive machine intel 1211 | -10/Subcaves | Visited Clippyterm 1216 | -10/Subcaves | Identified exit to Recycling 1216 | -10/Subcaves | Identified exit to Materials 1216 | -10/Subcaves | Learned Factory trap positions 1458 | -10/Subcaves | Shifting Twisted Machinery released Sub. Power Source 1463 | -10/Subcaves | Shifting Twisted Machinery released Sub. Machine Gun 1703 | -10/Subcaves | Entered Recycling 1726 | -9/Recycling | Scanned before Scraplab entrance 1806 | -9/Recycling | Entered Scraplab 1819 | -9/Recycling | Discovered new exit (range 3) 1823 | -9/Recycling | Entered Scraptown 2031 | -9/Scraptown | Visited UFD Registry 2031 | -9/Scraptown | Registered with UFD as "Bladetank" 2054 | -9/Scraptown | Visited Awakened 2139 | -9/Scraptown | Visited Cyclists 2150 | -9/Scraptown | Entered Cyclist Reading Room 2175 | -9/Scraptown | Visited Fellowship of the Rings 2227 | -9/Scraptown | Scanned Subdweller tech in exchange for log data 2230 | -9/Scraptown | Learned Research terminal intel 2231 | -9/Scraptown | Learned Factory security intel 2233 | -9/Scraptown | Learned location of Zion (-7) 2235 | -9/Scraptown | Learned Research security intel 2260 | -9/Scraptown | Discovered new exit (range 11) 2839 | -9/Scraptown | Visited Curators Association 2922 | -9/Scraptown | Delivered Scrap Shield to a Scientist 3045 | -9/Scraptown | Visited Observation Area 3085 | -9/Scraptown | Visited Supply Room 3115 | -9/Scraptown | Visited Derelict Rescue Squad 3130 | -9/Scraptown | Visited Modified Component R&D 3165 | -9/Scraptown | Visited Scrapoid Research Area 3207 | -9/Scraptown | Visited LU-1G1's Boring Crew 3269 | -9/Scraptown | Visited Cartography Club 3381 | -9/Scraptown | Found Deep Structural Scanner 3387 | -9/Scraptown | Identified exit to Factory 3387 | -9/Scraptown | Learned location of 3 exits from Lower Caves 3387 | -9/Scraptown | Learned location of 2 exits from Lower Caves 3387 | -9/Scraptown | Learned Factory emergency access door positions 3387 | -9/Scraptown | Learned 4 Armory zone layouts 3387 | -9/Scraptown | Learned 16 Lower Caves zone layouts 3387 | -9/Scraptown | Learned 12 Lower Caves zone layouts 3387 | -9/Scraptown | Learned 4 Mines zone layouts 3387 | -9/Scraptown | Learned 12 Research zone layouts 3387 | -9/Scraptown | Learned 16 Factory zone layouts 3387 | -9/Scraptown | Learned 8 Factory zone layouts 3387 | -9/Scraptown | Learned 16 Materials zone layouts 3387 | -9/Scraptown | Learned location of Testing (-2) 3387 | -9/Scraptown | Learned location of Cetus (-4) 3387 | -9/Scraptown | Learned location of Proximity Caves (-6) 3387 | -9/Scraptown | Learned location of Recycling (-9) 3549 | -9/Scraptown | Visited Red Mages 4113 | -9/Scraptown | Visited Junk Repository 4168 | -9/Scraptown | Visited Junk Repository 4264 | -9/Scraptown | Found DRS Beacon 4448 | -9/Scraptown | Found Scrap Suit 4627 | -9/Scraptown | Met Optimus 4627 | -9/Scraptown | Accepted into 0bPrime 4707 | -9/Scraptown | Entered Factory 4707 | -6/Factory | Evolved 8 slots: Propulsion x2, Utility x6 4708 | -6/Factory | Identified exit to Factory 4709 | -6/Factory | Identified exit to Lower Caves 4710 | -6/Factory | Loaded intel: 107 trap records 5000 | -6/Factory | Loaded intel: 8 recycling unit locations 5023 | -6/Factory | Learned location of Protoforge (-2) 5224 | -6/Factory | Entered another Factory area 5224 | -5/Factory | Evolved 2 slots: Power x1, Utility x1 5232 | -5/Factory | Discovered new exit (range 19) 5288 | -5/Factory | Build established: Scrapper 5479 | -5/Factory | Identified exit to Factory 5523 | -5/Factory | Loaded intel: 8 recycling unit locations 5610 | -5/Factory | Discovered new exit (range 10) 5656 | -5/Factory | Identified exit to Upper Caves 5721 | -5/Factory | Build established: Infiltrator-Scrapper 6026 | -5/Factory | Entered another Factory area 6026 | -4/Factory | Evolved 2 slots: Propulsion x2 6027 | -4/Factory | Identified exit to Research 6027 | -4/Factory | Identified exit to Extension 6116 | -4/Factory | Found Prototype Device 6154 | -4/Factory | Loaded intel: 8 recycling unit locations 6345 | -4/Factory | Scrapoid reinforcements arrived 6434 | -4/Factory | Lost 4 allies 6506 | -4/Factory | Found Scrap Suit 6700 | -4/Factory | Local machine network offline 6762 | -4/Factory | Spotted B-86 Titan 6782 | -4/Factory | Entered Extension 6805 | -4/Extension | Rescued a captive Derelict 6837 | -4/Extension | Rescued a captive Derelict 6838 | -4/Extension | Rescued a captive Derelict 6889 | -4/Extension | Rescued a captive Derelict 6890 | -4/Extension | Rescued a captive Derelict 6929 | -4/Extension | Rescued a captive Derelict 6955 | -4/Extension | Rescued a captive Derelict 6983 | -4/Extension | Energy Cycler disabled 6983 | -4/Extension | Rescued a captive Derelict 6984 | -4/Extension | Rescued A7 6984 | -4/Extension | Rescued a captive Derelict 6984 | -4/Extension | Rescued a captive Derelict 6986 | -4/Extension | Rescued a captive Derelict 6991 | -4/Extension | Rescued a captive Derelict 7054 | -4/Extension | Spotted B-86 Titan 7079 | -4/Extension | Lost 3 allies 7112 | -4/Extension | Spotted B-86 Titan 7129 | -4/Extension | Extracted ID and sensor layout for unrecognized location from A7's data core 7140 | -4/Extension | Core integrity fell below 50% 7161 | -4/Extension | Lost 5 allies 7170 | -4/Extension | System corruption reached 10% 7173 | -4/Extension | Core integrity fell below 20% 7198 | -4/Extension | Lost 15 parts (3p7n3u2w) 7202 | -4/Extension | Destroyed by B-86 Titan with Railgun Last Messages --------------- 07166_ Dropped Hcp. Storage Unit. 07167_ Slug penetrates Wall. 07167_ Penetrated by Slug. 07167_ Flexi-carbon Leg destroyed. 07167_ Adv. Gravity Neutralizer destroyed. 07167_ Dropped CPS Tube. 07167_ Dropped Multitool. 07168_ Acquired Greatsword. 07171_ Penetrated by Slug. 07172_ Slug penetrates Wall. 07180_ F URTM6>1CTQ RZ9MNFK 07183_ P-70 Sage destroyed. 07187_ Acquired 10 matter. 07188_ Acquired Imp. Target Analyzer. 07189_ U-05 Engineer builds a Wall. 07190_ Slug penetrates Wall. 07190_ Door Terminal disabled. 07193_ Slug penetrates Wall. 07198_ Imp. Target Analyzer destroyed. 07200_ Slug penetrates Wall. Map ----- +----------------------------------------------------+ | | | | | | | | | | | | | | | ###??????????????????????????????????????????????? | | ########???????????????????????????????????????? | | # #"""""##??????????????????????????????????????? | | # " Y"""##########?????????????????????????????? | | #?????????????????????????????? | | # #?????????????????????????????? | | # % ######????????????????????????? | | # ### #????????????????????????? | | # % ### ##???????????????????????? | | " ## T????????????????????????? | | " % ##; ;####?????????????????????? | | " % ^;#?????????????????????? | | " ^ ^#??????????????????????? | | " #??????????????????????? | | # #??????????????????????? | | #""""""""|######;;;% !;??????????????????????? | | ### "# ! #???## ;BB =!####???????????????????? | | ??#######%##????###BB %!=% ##???????????????????? | | ???????#!*#???????# | =@####???????????????????? | | ???????####???????#|[! *%%####???????????????????? | | ??????????????????#/! =[!!####???????????????????? | | ????????????????###BB;##;%####???????????????????? | | ????????????????# BB ###=;###???????????????????? | | ????????????????# T "#= ;###???????????????????? | | ???????????????"" #%=;& #???????????????????? | | ??????????????#"T ##=[[ ##??????????????????? | | ??????????????#"" !!! "";[%=! #??????????????????? | | ??????????????### !!! "=%==* #??????????????????? | | ????????????????# !!! #! *#* #?????????????????? | | ????????????????########%R%[% #?????????????????? | | ?????????????????????### R * #?????????????????? | | ?????????????????????### %## #?????????????????? | | ?????????????????????## " "??????????????? | | ?????????????????????## " " ????????????? | | ?????????????????????## ????????????? | | ??????????????????????# " ??????????? | | ??????????????????????# "%" #?????????? | | ?????????????????????? " ?????????? | | ?????????????????????? ?????????? | | ????????????????????? ??????????? | | ????????????????????? ??????????? | | ???????????????????? ????????????? | | ????????????????????### ?????????????? | +----------------------------------------------------+ Best States ------------- Heat Dissipation 76 Energy Generation 35 Energy Capacity 530 Matter Stores 300 Matter Capacity 300 Sight Range 16 Robot Scan Range 16 Terrain Scan Density 10 Jamming Range 14 Additional Mass Support 16 Armor Coverage 825 Phase Shifting 10 Evasion (%) 55 Targeting Accuracy 24 Target Analysis 9 Recoil Reduction 2 Matter Filtering 50 Kinecelleration 40 Offensive Hacking 20 Defensive Hacking 12 Item Schematics ----------------- None Robot Schematics ------------------ None Fabricated ------------ Nothing Repaired ---------- Nothing Alien Tech Used ----------------- None Achievements -------------- None Challenges ------------ None Game ------ Seed ThunderBiocellDerivative Manual? 0 Play Time 01:12:31 Cumulative 503.4 hours Start 2025.05.31 @ 04:48:02 End 2025.05.31 @ 06:04:46 Sessions 1 Manual Loads 0 Difficulty Rogue Special Mode None Game No. 552 Rogue 552 Adventurer 0 Explorer 0 Win Type - Total 14 Types 9/0/4/1/0/0/0/0/0/0 Lore% 76 Gallery% 80 Achievement% 82 Wizard Run 0 Options --------- Layout 0 ASCII 0 Keyboard 0 Movement Numpad Keybinds 0 Fullscreen 1 Font 18/SmallcapsGlow Map View 76x50 Zoom Use 0% Tactical HUD 1 Map Filters NONE Filters NONE Steam 1 RUN: 7b73af85-6f40-4ad6-959d-4ecc8e5c0f04